 Dungeon Sprint DCSS version 0.25.1-2-g60ff931df9 (webtiles) character file.

Game seed: 16365460526433219703

279 funkygono the Blocker (level 6, -11/62 HPs)
             Began as a Minotaur Fighter on Sept 5, 2020.
             Engulfed by a cloud of freezing vapour (22 damage)
             ... in the Dungeon (Sprint II: "The Violet Keep of Menkaure").
             The game lasted 00:01:09 (154 turns).

funkygono the Blocker (Minotaur Fighter)             Turns: 154, Time: 00:01:10

Health: -11/62     AC:  5    Str: 22    XL:     6   Next: 5%
Magic:  5/5        EV:  9    Int:  3    God:
Gold:   243        SH: 11    Dex:  8    Spells: 5/5 levels left

rFire    . . .     SeeInvis .   a - +0 flail
rCold    . . .     Gourm    .   c - +0 kite shield
rNeg     . . .     Faith    .   b - +0 scale mail
rPois    .         Spirit   .   (helmet restricted)
rElec    .         Reflect  .   (no cloak)
rCorr    .         Harm     .   (no gloves)
MR       .....     Rnd*Rage +   (no boots) Stlth ..........NoTele +
                                (no amulet)
HPRegen  0.20/turn              (no ring)
MPRegen  0.09/turn              (no ring)

@: no status effects
A: retaliatory headbutt, horns 2, berserk 1, clumsy 1, deformed body, dopey 1
a: no special abilities


You were in the Dungeon.
You were not hungry.

You visited 1 branch You collected 243 gold pieces.

Inventory:

Hand Weapons
 a - a +0 flail (weapon)
Armour
 b - a +0 scale mail (worn)
 c - a +0 kite shield (worn)
Scrolls
 k - a scroll of blinking
Potions
 d - a potion of might
 e - a potion of curing
 g - a potion of heal wounds
 h - a potion of haste
 i - 2 potions of magic
 j - a potion of berserk rage
Comestibles
 f - a ration


   Skills:
 + Level 8.7 Fighting
 + Level 4.6 Maces & Flails
 + Level 9.0 Armour
 + Level 2.4 Dodging
 + Level 9.3 Shields


You had 5 spell levels left.
You didn't know any spells.
Your spell library was empty.

Dungeon Overview and Level Annotations

Branches:
Dungeon (1/1)

Altars:


Innate Abilities, Weirdness & Mutations

You reflexively headbutt those who attack you in melee.
You have a pair of horns on your head.
You tend to lose your temper in combat.
You are clumsy. (Dex -2)
Armour fits poorly on your strangely shaped body.
You are dopey. (Int -2)


Message History

You kill the neqoxec!
Your Armour skill increases to level 9!
You have reached level 6!
Your experience leads to an increase in your attributes!
Your base attributes are Str 21, Int 5, Dex 10.
Increase (S)trength, (I)ntelligence, or (D)exterity?
You feel stronger.
You start resting.
HP restored.
Found 243 gold pieces.
You now have 243 gold pieces.
You are engulfed in freezing vapours.
You are engulfed in freezing vapours.
There is an open door here.
You are engulfed in freezing vapours.
* * * LOW HITPOINT WARNING * * *
Really walk into that cloud of freezing vapour?
Okay, then.
Really walk into that cloud of freezing vapour?
You are engulfed in freezing vapours.
You die...

####+####
##○○°○°..##
##..☼☼○○○..##
+...○○8○....#
#..○○☼°°○.#
#.○.○°°○#
#≈≈#''°#○°'##
≈≈≈...°.°°..#
≈≈≈≈.##@##○.#
≈≈≈ #...## #
≈ #..##.#
####.## #'##
##.## +.<.+
##.## #+#


You could see an ice statue.

Vanquished Creatures
  3 neqoxecs (D)
3 creatures vanquished.

Vanquished Creatures (others)
  A crocodile (D)
1 creature vanquished.

Grand Total: 4 creatures vanquished

Notes
Turn   | Place    | Note
-------+----------+-------------------------------------------
     0 | D        | funkygono the Minotaur Fighter began the quest for the Orb.
     0 | D        | Reached XP level 1. HP: 19/19 MP: 0/0
     1 | D        | Noticed a neqoxec
     1 | D        | Gained mutation: You are dopey. (Int -2) [a neqoxec]
     4 | D        | Noticed a neqoxec
    12 | D        | Gained mutation: You tend to lose your temper in combat. [a
                  | neqoxec]
    14 | D        | Noticed a quasit
    17 | D        | Killed a crocodile
    18 | D        | Killed a neqoxec
    18 | D        | Reached skill level 1 in Dodging
    18 | D        | Reached XP level 2. HP: 25/34 MP: 1/1
    18 | D        | Reached XP level 3. HP: 29/39 MP: 2/2
    18 | D        | Reached XP level 4. HP: 35/47 MP: 3/3
    18 | D        | Gained mutation: You are clumsy. (Dex -2) [a neqoxec]
    26 | D        | Killed a neqoxec
    26 | D        | Reached XP level 5. HP: 36/56 MP: 4/4
    33 | D        | Noticed a neqoxec
    34 | D        | Gained mutation: Armour fits poorly on your strangely
                  | shaped body. [a neqoxec]
    36 | D        | Killed a neqoxec
    36 | D        | Reached XP level 6. HP: 39/62 MP: 5/5
   149 | D        | Noticed an ice statue
   154 | D        | Engulfed by a cloud of freezing vapour

Illustrated notes

Levels and vault maps discovered:
D:        the_violet_keep_of_menkaure [sprint2_stairs_cluster_1,
          sprint2_shoproom, sprint2_temple, sprint2_basic_supplies,
          sprint2_obstacle_5, sprint2_obstacle_4, sprint2_obstacle_2,
          sprint2_obstacle_7, sprint2_obstacle_3, sprint2_timed_cluster_1,
          sprint2_smallroom_cluster_1, sprint2_smallroom_final_cluster_1,
          sprint2_transparent_cluster_1, sprint2_second_timed_cluster_1,
          sprint2_sniper_area_1, sprint2_heavy_combat_area_1,
          sprint2_mutation_trap_area_1, sprint2_forest_area_1,
          sprint2_light_combat_area_1, sprint2_behind_water_1,
          sprint2_near_end_vault_1]

Skill      XL: |  1  2  3  4  5 |
---------------+----------------+-----
Fighting       | 7 8 |  8.7
Maces & Flails | 3 4 |  4.6
Armour         | 7 8 9 |  9.0
Dodging        | 1 2 |  2.4
Shields        | 7 9 |  9.3

Action                   |  1- 3 |  4- 6 || total
-------------------------+-------+-------++-------
Melee: Flail             |    16 |    10 ||    26
       Headbutt          |     7 |     2 ||     9
Armor: Scale mail        |    11 |     1 ||    12
Dodge: Dodged            |     7 |     1 ||     8
Block: Kite shield       |     9 |     3 ||    12
